 Dungeon Crawl Stone Soup version 0.28.0 (webtiles) character file.

Game seed: 5247525124152589773

5 bande the Skirmisher (level 1, -1/14 HPs)
             Began as a Gargoyle Fighter on Feb 6, 2022.
             Slain by a ball python (2 damage)
             ... on level 1 of the Dungeon.
             The game lasted 00:00:14 (96 turns).

bande the Skirmisher (Gargoyle Fighter)               Turns: 96, Time: 00:00:14

Health: -1/14      AC:  9    Str: 19    XL:     1   Next: 80%
Magic:  1/1        EV:  6    Int:  8    God:
Gold:   16         SH:  4    Dex:  9    Spells: 0/0 levels left

rFire   . . .      SeeInvis .   a - +0 war axe
rCold   . . .      Faith    .   c - +0 buckler
rNeg    + . .      Spirit   .   b - +0 scale mail
rPois   ∞          Reflect  .   (no helmet)
rElec   +          Harm     .   (no cloak)
rCorr   .          Rampage  .   (no gloves)
Will    .....                   (no boots)
Stlth   ..........              (no amulet)
HPRegen 0.04/turn               (no ring)
MPRegen 0.07/turn               (no ring)

@: constricted
A: sickness immunity, AC +2, negative energy resistance 1, electricity
resistance, torment resistance 1, petrification resistance
a: no special abilities


You were on level 1 of the Dungeon.
You visited 1 branch of the dungeon, and saw 1 of its levels.

You collected 16 gold pieces.

Inventory:

Hand Weapons
 a - a +0 war axe (weapon)
Armour
 b - a +0 scale mail (worn)
 c - a +0 buckler (worn)
Scrolls
 e - a scroll of teleportation {unknown}
 f - a scroll of noise {unknown}
Potions
 d - a potion of might


   Skills:
 + Level 3.4 Fighting
 + Level 1.8 Axes
 + Level 3.4 Armour
 + Level 3.4 Shields


You couldn't memorise any spells.
You didn't know any spells.
Your spell library was empty.

Dungeon Overview and Level Annotations

Branches:
Dungeon (1/15)

Altars:


Innate Abilities, Weirdness & Mutations

You are immune to sickness and miasma.
Your stone body is resilient. (AC +2)
You are immune to poison.
You resist negative energy. (rN+)
You are resistant to electric shocks. (rElec)
You are resistant to unholy torment.
You are immune to petrification.


Message History

The kobold hits you but does no damage. The frilled lizard barely misses you.
The ball python bites you but does no damage.
The ball python constricts you. You block the kobold's attack.
The kobold hits you with a +0 dagger.
The frilled lizard bites you but does no damage.
You hit the ball python.
The ball python is moderately wounded.
You hit the kobold but do no damage. You miss the kobold.
You closely miss the frilled lizard.
The ball python bites you but does no damage.
The ball python constricts you. The kobold barely misses you.
You block the ball python's attack. The ball python constricts you.
The kobold hits you but does no damage.
The frilled lizard completely misses you.
The kobold hits you but does no damage.
You hit the ball python.
The ball python is severely wounded.
You hit the kobold.
You kill the kobold!
You hit the kobold. You hit the frilled lizard.
You kill the frilled lizard!
The ball python bites you but does no damage.
The ball python constricts you. The kobold barely misses you.
You block the ball python's attack. The ball python constricts you.
You barely miss the ball python.
The ball python is severely wounded.
You closely miss the kobold.
The ball python bites you but does no damage.
The ball python constricts you.
The kobold hits you with a +0 short sword.
* * * LOW HITPOINT WARNING * * *
The ball python bites you.
* * * LOW HITPOINT WARNING * * *
The ball python constricts you.
* * * LOW HITPOINT WARNING * * *
The kobold hits you but does no damage.
You completely miss the ball python.
The ball python is severely wounded.
You completely miss the kobold. The ball python bites you.
You die...

##### .... ....#
..... ....# ......
....# ......+ ....+
......# ....#
......##)...#
#.S@K...# #.....###
#. #.....# #.#+##
######.....# ....#
#....#.....# #...#
#....#.#.......
+...#
#....#.#.######
#...###....#.#+#..#
#...#......#......#


You could see a ball python and a kobold.

Vanquished Creatures
  A hobgoblin (D:1)
  A kobold (D:1)
  A ball python (D:1)
  A frilled lizard (D:1)
  2 rats (D:1)
6 creatures vanquished.

Notes
Turn   | Place    | Note
-------+----------+-------------------------------------------
     0 | D:1      | bande the Gargoyle Fighter began the quest for the Orb.
     0 | D:1      | Reached XP level 1. HP: 14/14 MP: 1/1
    96 | D:1      | Slain by a ball python

Illustrated notes

Levels and vault maps discovered:
D:1:      dpeg_arrival_simpleton_c, layout_basic, basic_ecumenical_altar

Action                   || total
-------------------------++-------
Melee: War axe           ||    13
Armor: Scale mail        ||    16
Dodge: Dodged            ||    13
Block: Buckler           ||     8
